 Dungeon Crawl Stone Soup version 0.25.0-15-gac7dcb8919 (webtiles) character file.

Game seed: 3711036264803671284

18 Esekla the Grave Robber (level 2, -3/21 HPs)
             Began as a Barachi Necromancer on June 28, 2020.
             Slain by a leopard gecko (4 damage)
             ... on level 2 of the Dungeon.
             The game lasted 00:04:06 (698 turns).

Esekla the Grave Robber (Barachi Necromancer)        Turns: 698, Time: 00:04:07

Health: -3/21      AC:  2    Str:  9    XL:     2   Next: 66%
Magic:  0/5        EV: 16    Int: 15    God:
Gold:   51         SH:  0    Dex: 12    Spells: 5/6 levels left

rFire    . . .     SeeInvis .   h - +0 dagger
rCold    . . .     Gourm    .   (no shield)
rNeg     . . .     Faith    .   a - +0 robe
rPois    .         Spirit   .   (no helmet)
rElec    .         Reflect  .   (no cloak)
rCorr    .         Harm     .   (no gloves)
MR       .....                  (no boots)
Stlth    ++........             (no amulet)
HPRegen  0.07/turn              g - +4 ring of evasion
MPRegen  0.09/turn              (no ring)

@: very slightly contaminated, slow
A: +LOS, swims, slowness 1, strong legs 1
a: Hop


You were on level 2 of the Dungeon.
You were not hungry.

You visited 1 branch of the dungeon, and saw 2 of its levels.

You collected 51 gold pieces.

Inventory:

Hand Weapons
 h - a +0 dagger (weapon)
Armour
 a - a +0 robe (worn)
Jewellery
 g - a +4 ring of evasion (left hand)
Scrolls
 b - a scroll of enchant armour {unknown}
 d - a scroll of remove curse {unknown}
 e - a scroll of blinking {unknown}
 i - a scroll of amnesia {unknown}
Potions
 f - a potion of curing {unknown}
 j - a potion of brilliance {unknown}
 k - a potion of heal wounds {unknown}
Comestibles
 c - 3 rations


   Skills:
 * Level 1.0 Fighting
 + Level 2.2 Dodging
 - Level 1.7 Stealth
 * Level 2.6 Spellcasting
 + Level 3.9 Necromancy


You had 5 spell levels left.
You knew the following spells:

 Your Spells              Type           Power        Failure   Level  Hunger
a - Pain                  Necr           ##..         4%          1    #......

Your spell library contained the following spells:

 Spells                   Type           Power        Failure   Level  Hunger
 Animate Skeleton         Necr           N/A          4%          1    #......
 Vampiric Draining        Necr           ##........   12%         3    ###....
 Animate Dead             Necr           N/A          38%         4    #####..
 Agony                    Necr           ##......     75%         5    ######.


Dungeon Overview and Level Annotations

Branches:
Dungeon (2/15)

Altars:


Innate Abilities, Weirdness & Mutations

You can be seen from farther away. (+LOS)
You can swim through water.
You cover ground slowly.
You can hop short distances.


Message History

The leopard gecko barely misses you.
You hit the leopard gecko.
The leopard gecko is almost dead.
The leopard gecko completely misses you.
The leopard gecko bites you.
* * * LOW HITPOINT WARNING * * *
You miss the leopard gecko.
The leopard gecko is almost dead.
The leopard gecko bites you.
* * * LOW HITPOINT WARNING * * *
You hit the leopard gecko but do no damage.
The leopard gecko is almost dead.
The leopard gecko closely misses you.
Casting: Pain (safe; 4% risk of failure)
Confirm with . or Enter, or press ? or * to list all spells.
Aiming: Pain (safe; 4% risk of failure)
Press: ? - help, Shift-Dir - straight line, f/p - leopard gecko
Aim: a leopard gecko (almost dead, chance to defeat MR: 83%)
The leopard gecko barely resists.
The leopard gecko bites you.
You die...

.####.##..........
# ##..........
#...........
#..........#
#.......#.#.
#.......# #
##......#.#
#.###l......#
#...@)......#
#####.#.....#
#.#.###.# #.#.# #
#.# # #.# #.# #.#
.#


You could see a leopard gecko.

Vanquished Creatures
  A dart slug (D:1)
  2 bats (D:1)
  A giant cockroach (D:1)
  2 goblins (D:1)
  A hobgoblin (D:1)
  2 jackals (D:1)
  3 frilled lizards
  2 kobolds
  A rat (D:1)
15 creatures vanquished.

Notes
Turn   | Place    | Note
-------+----------+-------------------------------------------
     0 | D:1      | Esekla the Barachi Necromancer began the quest for the Orb.
     0 | D:1      | Reached XP level 1. HP: 13/13 MP: 3/3
   415 | D:1      | Reached XP level 2. HP: 15/20 MP: 0/5
   517 | D:1      | Reached skill level 1 in Fighting
   696 | D:2      | HP: 1/21 [leopard gecko (2)]
   698 | D:2      | Slain by a leopard gecko

Illustrated notes

Levels and vault maps discovered:
D:1:      psy_arrival_whirlpool, layout_loops_ring, minmay_misc_feat_pillars
D:2:      layout_basic, grunt_gozag_statues, minmay_misc_feat_four_crosses,
          kennysheep_cluttered_room, uniq_terence

Skill      XL: |  1  2 |
---------------+-------+-----
Fighting       | 1 |  1.0
Dodging        | |  2.2
Stealth        | |  1.7
Spellcasting   | |  2.6
Necromancy     | |  3.9

Action                   || total
-------------------------++-------
Melee: Dagger            ||    27
 Cast: Pain              ||    24
 Abil: Hop               ||     1
 Stab: Sleeping          ||     1
Armor: Robe              ||     4
Dodge: Dodged            ||    27
